[Event "Benidorm Open-A 2022"]
[Site "Benidorm"]
[Date "2022.12.06"]
[Round "4.1"]
[White "Levi, Netanel"]
[Black "Saydaliev, Saidakbar"]
[Result "0-1"]
[ECO "B31"]
[WhiteElo "2179"]
[BlackElo "2376"]
[Annotator "TA"]
[PlyCount "92"]
[EventDate "2022.12.03"]
[EventType "swiss"]
[EventCountry "ESP"]
[SourceTitle "playchess.com"]
[Source "ChessBase"]
[SourceQuality "1"]
[TimeControl "5400+30"]

1. e4 c5 2. Nf3 Nc6 3. Bb5 g6 4. Bxc6 bxc6 5. O-O Bg7 6. Re1 Qc7 $1 {[%mdl 4] is recently more successful than 6...Nh6. B31: Sicilian: 2...Nc6 3 Bb5 g6.} 7. h3 d6 8. c3 Nf6 {The position is equal.} 9. e5 dxe5 10. Nxe5 Nd5 {[#]} 11. d4 $146 ({Predecessor:} 11. Nc4 O-O 12. d3 Rd8 13. Qf3 Bf5 14. Bg5 f6 15. g4 fxg5 16. gxf5 Rf8 17. Qg3 Qxg3+ 18. fxg3 gxf5 {½-½ (24) Baltic,F (2286)-Krassowizkij,J (2462) Schwaebisch Gmuend 2020}) 11... O-O 12. Qa4 Bb7 13. Nd3 cxd4 14. cxd4 Rfd8 15. Nc3 c5 16. Nxd5 Rxd5 17. Bf4 (17. Nxc5 $15 Bxd4 18. Nxb7) 17... Qd8 (17... Qc8 $17 18. Be5 f6) 18. Nxc5 (18. Qb3 $15 Rxd4 19. Qxb7 (19. Nxc5 $2 {is the wrong capture.} Bxg2 20. Kxg2 Rxf4 $19)) 18... Rxd4 $17 19. Nxb7 Rxa4 (19... Qb6 $17 20. Be3 Rxa4 21. Bxb6 axb6 22. Rxe7 Bxb2) 20. Nxd8 $15 {[#] Bc7 is the strong threat.} Rxf4 21. Nc6 e6 22. Re2 Rc4 {Prevents Rc1.} 23. Ne5 Rb4 24. b3 Rb5 (24... a5 $5 ) 25. Rae1 Rd8 26. Nc4 h5 27. h4 a5 28. Re4 Rd4 (28... a4 $15) 29. Kf1 a4 30. Rxd4 Bxd4 $11 {[%mdl 4096] Endgame KRB-KRN} 31. Na3 Rf5 32. f3 (32. Re2 $1 $15) 32... axb3 $17 33. axb3 Ra5 ({Better is} 33... Bb2 $17 34. Nc4 Bf6) 34. Nc2 (34. Nc4 $11 Rb5 35. Rb1) 34... Bf6 35. Re4 Ra2 {Against g3} 36. Nd4 Rb2 37. Kg1 Be7 {[#] aiming for ...Bc5. Black is more active.} 38. Re2 (38. Kh2 $17 {was called for.}) 38... Rb1+ $19 39. Kh2 Bxh4 40. Nxe6 $2 (40. f4) 40... fxe6 41. Rxe6 {KRB-KR} Kg7 42. Rb6 Bf2 43. Rb7+ Kf6 44. b4 Bc5 {Strongly threatening ...Bd6+.} 45. g4 hxg4 46. fxg4 Rxb4 {Weighted Error Value: White=0.50/Black=0.14 (very precise)} 0-1

[Event "Benidorm Open-A 2022"]
[Site "Benidorm"]
[Date "2022.12.06"]
[Round "4.2"]
[White "Sarkar, Justin"]
[Black "Ilamparthi A R"]
[Result "1/2-1/2"]
[ECO "D32"]
[WhiteElo "2350"]
[BlackElo "2336"]
[Annotator "TA"]
[PlyCount "64"]
[EventDate "2022.12.03"]
[EventType "swiss"]
[EventCountry "ESP"]
[SourceTitle "playchess.com"]
[Source "ChessBase"]
[SourceQuality "1"]
[TimeControl "5400+30"]

1. d4 d5 2. c4 e6 3. Nc3 c5 4. cxd5 cxd4 5. Qxd4 Nc6 6. Qd1 exd5 7. Qxd5 {D32: Tarrasch Defence: Sidelines and lines without g3.} Bd6 8. Nf3 Nf6 9. Qd1 {White is slightly better.} O-O 10. e3 (10. g3 $14) 10... Qe7 $11 11. Be2 Rd8 12. Bd2 {[#]} Bf5 $146 ({Predecessor:} 12... a6 13. a3 b5 14. O-O Bb7 15. Qc2 Ne5 16. Nxe5 Qxe5 17. f4 Qe6 18. Bf3 Bxf3 19. Rxf3 Bc5 20. Re1 Qc4 21. Bc1 Rd3 22. Qe2 Rad8 23. Kh1 Rxc3 {0-1 (23) Seo,J (2516)-Solon,N (2306) Chess.com INT 2022}) 13. O-O Rac8 14. Qa4 Nd7 15. Rfd1 (15. Nb5 {seems wilder.} Nb6 16. Qh4 Qxh4 17. Nxh4 Bc5 18. Bc3) 15... Nc5 16. Qh4 Qxh4 17. Nxh4 Bc2 18. Rdc1 ({Much weaker is} 18. Bg4 Bxd1 19. Bxc8 Bh5 $17) 18... Bd3 (18... Bxh2+ $2 19. Kxh2 Rxd2 20. Nf3 $18) 19. Bg4 Rb8 20. Nf3 Bg6 21. Rd1 Bc2 22. Rdc1 Bg6 23. Rd1 Nd3 24. Bc1 Nce5 (24... h5 $5 25. Bh3 Be7 $11) 25. Nxe5 Bxe5 26. f4 Bf6 27. f5 Ne5 {The position is equal.} 28. fxg6 Nxg4 29. gxf7+ Kxf7 {[#] And now ...Bxc3 would win.} 30. Bd2 Rd3 31. Be1 Rbd8 32. Rxd3 Rxd3 {Weighted Error Value: White=0.05 (flawless) /Black=0.05 (flawless)} 1/2-1/2

[Event "Benidorm Open-A 2022"]
[Site "Benidorm"]
[Date "2022.12.06"]
[Round "4.3"]
[White "Fernandez Guillen, Ernesto J."]
[Black "Christiansen, Johan-Sebastian"]
[Result "1-0"]
[ECO "B77"]
[WhiteElo "2462"]
[BlackElo "2582"]
[Annotator "TA"]
[PlyCount "75"]
[EventDate "2022.12.03"]
[EventType "swiss"]
[EventCountry "ESP"]
[SourceTitle "playchess.com"]
[Source "ChessBase"]
[SourceQuality "1"]
[TimeControl "5400+30"]

1. e4 c5 2. Nf3 d6 3. d4 cxd4 4. Nxd4 Nf6 5. Nc3 g6 6. f3 Bg7 7. Bc4 O-O 8. Be3 Nc6 9. Qd2 Nxd4 10. Bxd4 Be6 11. Bd5 {B77: Sicilian Dragon: Yugoslav Attack, 9 Bc4 sidelines.} Qa5 {[#]} 12. h4 $146 (12. Bxb7 Rab8 13. Bd5 Rxb2 $15) (12. O-O-O {simplifies} Bxd5 13. Nxd5 Qxd2+ 14. Rxd2 Nxd5 15. Bxg7 Kxg7 16. Rxd5 Kf6 17. g4) ({Predecessor:} 12. Rd1 Bxd5 13. exd5 Rac8 14. O-O Rc4 15. Rfe1 Rfc8 16. Qe2 b5 17. Qxe7 Rxd4 18. Rxd4 Qb6 19. Qe3 Bh6 20. Qf2 b4 21. Ne4 Nd7 22. Rdd1 Qa6 23. Qh4 Bf8 24. Rd2 Qxa2 25. Qf4 Qc4 {1-0 (25) Nguyen,V (2094)-Pham,C Vietnam 2002}) 12... Rac8 {Inhibits h5.} 13. h5 {The position is equal.} (13. Bxb7 Rc4 14. Bxf6 Bxf6 $17) 13... Bxd5 14. exd5 (14. h6 $11 Bh8 15. Bxf6 (15. Nxd5 Qxd2+ 16. Kxd2 Nxd5 $15) (15. exd5 Rc4 $15)) 14... Rc4 (14... gxh5 15. O-O-O $14) (14... Nxh5 15. Bxg7 Nxg7 16. O-O-O $11) (14... b5 $1 $17) 15. O-O-O $1 $11 Rfc8 {Strongly threatening ...b5.} 16. hxg6 $1 hxg6 {Hoping for ...b5.} 17. Qe1 Kf8 18. Kb1 b5 $1 19. g4 b4 20. Ne4 Rxd4 21. Rxd4 {Black must now prevent Qd2.} Nxd5 22. Rd3 Qc7 23. Rd2 Nb6 {Threatens to win with ...d5.} 24. Rdh2 {Black should prevent Qd2.} d5 25. Ng5 {next f4 is good for White.} Kg8 $2 {Prevents f4.} (25... Qc5 $1 $11 {and Black has nothing to worry.}) 26. f4 $1 $18 (26. Qxb4 $2 Nc4 $19) (26. Qh4 $2 Qe5 27. c3 bxc3 28. Qh7+ Kf8 $19) 26... Qxf4 27. Qxe7 $40 {[%mdl 128] Rh7 is the strong threat. Black is in trouble. Really sharp!} Nc4 $2 {[#]} (27... Qc7 28. Qxc7 (28. Qxb4 Nc4 $17) 28... Rxc7) 28. Nxf7 $1 {[%cal Oh2h8][%mdl 512] White threatens Rh8+! and mate.} Nd2+ (28... Qxf7 $2 29. Rh8+ $3 (29. Qxb4 $2 Nxb2 30. a3 Nc4 $19) 29... Bxh8 30. Rxh8+ $1 (30. Qxb4 Bxb2 31. Qb3 Qf6 32. c3 Nd2+ 33. Kxb2 Nxb3 34. axb3 Qxc3+ 35. Ka3 Rb8) 30... Kg7 31. Rh7+ (31. Rxc8 Qxe7 32. a3 Qe1+ 33. Ka2 Nd2 34. Rc7+ Kh6) 31... Kxh7 32. Qxf7+ Kh6 33. Qxd5) 29. Rxd2 $1 {[%cal Od2f2] Threatening mate with Rf2!} ({Stronger than} 29. Ka1 Bxb2+ 30. Kxb2 Nc4+ 31. Kb1 (31. Ka1 $2 {leads to mate.} Qd4+ 32. c3 Qxc3+ 33. Kb1 Na3#) 31... Na3+ 32. Kb2 (32. Ka1 Qd4+ 33. c3 Qxc3+ 34. Rb2 Qc1+ 35. Rxc1 Rxc1+) 32... Nc4+ 33. Kb1 (33. Ka1 $2 Qd4+ 34. c3 Qxc3+ 35. Kb1 Na3#) 33... Na3+ 34. Kb2 (34. Ka1 Qd4+ 35. c3 Qxc3+ 36. Rb2 Qc1+ 37. Rxc1 Rxc1+) 34... Nc4+ $11) 29... Qxd2 {[#]} (29... Qxf7 $142 30. Qxb4 Rd8) 30. Nh6+ $1 Bxh6 31. Qe6+ (31. Qxa7 $2 {gets mated.} Qxc2+ 32. Ka1 {[#]} Qc1+ $3 33. Rxc1 Rxc1#) 31... Kg7 32. Qd7+ Kf6 33. Qxc8 Bf4 34. Qd8+ Ke6 35. Rf1 d4 36. Qe8+ Kf6 37. Qd8+ Ke6 38. g5 {Prevents d3.   Weighted Error Value: White=0.29 (precise) /Black=0.37} 1-0

[Event "Benidorm Open-A 2022"]
[Site "Benidorm"]
[Date "2022.12.06"]
[Round "4.4"]
[White "Ram Aravind L N"]
[Black "Mannion, Stephen R"]
[Result "0-1"]
[ECO "A21"]
[WhiteElo "2272"]
[BlackElo "2227"]
[Annotator "TA"]
[PlyCount "76"]
[EventDate "2022.12.03"]
[EventType "swiss"]
[EventCountry "ESP"]
[SourceTitle "playchess.com"]
[Source "ChessBase"]
[SourceQuality "1"]
[TimeControl "5400+30"]

1. c4 e5 2. Nc3 Bb4 3. e4 Nf6 4. Nge2 c6 5. Qb3 {[#]} a5 $146 ({Predecessor:} 5... Na6 6. Ng3 Bc5 7. Na4 Bd4 8. Be2 d6 9. O-O O-O 10. d3 b5 11. Nc3 Rb8 {0-1 (34) Negru,A (1753)-Bida,M (2262) Calimanesti 2014}) 6. a3 {A22: English Opening: 1...e5 2 Nc3 Nf6.} Bc5 7. h3 d6 8. d3 {Black is slightly better.} Nbd7 9. Ng3 O-O 10. f4 ({White should try} 10. Be2 $15) 10... b5 $19 11. cxb5 cxb5 12. Nf5 Rb8 13. g4 (13. Qd1 {was worth a try.}) 13... b4 14. axb4 Bxb4 {[%cal Od6d5] And now ...d5! would win.} (14... Rxb4 15. Qa2 $17) 15. Qd1 Nc5 {[%cal Bd7c5,Bc5b3,Bb3a1][%mdl 32] [#] ...Bxf5 is the strong threat.} 16. Bd2 $2 (16. Bg2 {was necessary.}) 16... Re8 17. fxe5 (17. Be2 $142 Bxf5 18. exf5) 17... dxe5 {aiming for ...Bxf5.} 18. Be3 $2 (18. Rg1 Bxf5 19. gxf5) 18... Be6 (18... Bxf5 $142 19. Be2 Be6) 19. Be2 Nb3 20. O-O Bxf5 21. gxf5 (21. Qxb3 $2 {[#]} Bc5 $1 22. Bxc5 Rxb3 $19) 21... Nxa1 22. Qxa1 Qd6 23. Kh1 (23. Na4 $142) 23... Bc5 24. Bg5 Bd4 25. Rf3 Rec8 {Black is clearly winning.} 26. Rg3 Kh8 27. Qa2 Rb7 28. Qxa5 (28. Rg2 $142 Qb6 29. Bd1) 28... Rxb2 29. Nb5 Qc5 {[%cal Oc5c1] ( -> ...Qc1+!)} 30. Qa6 Rb1+ (30... Rxe2 $142 31. Nxd4 exd4) 31. Kg2 Rg1+ ({Stronger than} 31... Qxb5 32. Qxc8+ Qe8 33. Qxe8+ Nxe8 34. Be7 $11) ({Weaker is} 31... Rxb5 32. Bxf6 Rb6 33. Bxg7+ Kg8 34. Qa4 $14 (34. Bxe5+ Kf8 $11)) 32. Kf3 Rxg3+ 33. Kxg3 Bg1 34. d4 Nxe4+ 35. Kg2 Bxd4 36. Be7 Qc6 (36... Qxe7 $2 {is a self mate.} 37. Qxc8+) 37. Nxd4 exd4 38. Qa7 d3 {White got outplayed after the opening.   Weighted Error Value: White=1.01/Black=0.84} 0-1

[Event "Benidorm Open-A 2022"]
[Site "Benidorm"]
[Date "2022.12.06"]
[Round "4.5"]
[White "Chernikov, Vladimir"]
[Black "Docx, Stefan"]
[Result "1-0"]
[ECO "A05"]
[WhiteElo "2247"]
[BlackElo "2446"]
[Annotator "TA"]
[PlyCount "69"]
[EventDate "2022.12.03"]
[EventType "swiss"]
[EventCountry "ESP"]
[SourceTitle "playchess.com"]
[Source "ChessBase"]
[SourceQuality "1"]
[TimeControl "5400+30"]

1. Nf3 Nf6 2. b3 d5 3. Bb2 Bf5 4. e3 e6 5. d4 Bd6 6. Bd3 O-O 7. O-O Nbd7 8. c4 c6 9. Nc3 {D04: Colle System.} a6 10. Qc2 Bxd3 (10... Bg4 {is more complex.} 11. Ng5 h6 12. Nh7 Nxh7 13. Bxh7+ Kh8) 11. Qxd3 {[#] The position is equal.} dxc4 $146 ({Predecessor:} 11... b5 12. e4 Be7 13. cxd5 cxd5 14. e5 Ne8 15. a4 bxa4 16. Nxa4 Nc7 17. Rfc1 Nb5 {1-0 (27) Vignesh,N (2428)-Salna,A (2177) Riga 2021}) 12. bxc4 e5 13. Rfd1 Qe7 {...e4 is the strong threat.} 14. Nd2 {Against e4} exd4 15. exd4 Rfe8 16. Nf3 b5 17. Re1 Qf8 18. Ng5 (18. Rxe8 $11 Rxe8 19. g3) 18... Rab8 19. cxb5 axb5 20. Rxe8 Qxe8 21. Nce4 Nxe4 22. Nxe4 Qe6 23. d5 cxd5 ({Much less strong is} 23... Qh6 24. Nxd6 Qxd6 25. Qc3 $16) 24. Nxd6 ({Don't play} 24. Ng5 Qg6 25. Qxg6 (25. Qxd5 Nb6 $17) 25... hxg6 $17) 24... Qxd6 25. Rd1 $40 {[%mdl 128] Black needs to defend precisely.} Nf8 26. Qxd5 Qg6 (26... Qxd5 $11 27. Rxd5 f6) 27. Be5 $16 {White is more active.} Rc8 28. Qxb5 Qf5 {[#]} 29. a4 $1 Qc2 {Prevents h3.} 30. Rb1 ({White should play} 30. Ra1) 30... Rc5 {Prevents a5.} 31. Qb2 Qf5 (31... Qxa4 $16 32. Bxg7 Qc2) 32. Bxg7 $18 Rc2 {[#]} 33. Qf6 $1 Qc5 (33... Rxf2 $18 34. Qxf5 Rxf5) 34. Bh6 Ne6 35. a5 {Weighted Error Value: White=0.06 (flawless) /Black=0.32} (35. Rb8+ $142 Qc8 36. Qe5 Rc1+ 37. Bxc1 Qxb8 38. Qxb8+ Kg7 39. Bb2+ f6 40. Qd6) 1-0

[Event "Benidorm Open-A 2022"]
[Site "Benidorm"]
[Date "2022.12.06"]
[Round "4.6"]
[White "Ajay Karthikeyan"]
[Black "Ojas Kulkarni"]
[Result "1-0"]
[ECO "B03"]
[WhiteElo "2441"]
[BlackElo "2233"]
[Annotator "TA"]
[PlyCount "63"]
[EventDate "2022.12.03"]
[EventType "swiss"]
[EventCountry "ESP"]
[SourceTitle "playchess.com"]
[Source "ChessBase"]
[SourceQuality "1"]
[TimeControl "5400+30"]

1. e4 Nf6 2. e5 Nd5 3. d4 d6 4. c4 Nb6 5. f4 dxe5 6. fxe5 Nc6 7. Be3 Bf5 8. Nc3 e6 9. Nf3 Be7 10. Be2 O-O 11. O-O f6 12. exf6 Bxf6 13. Qd2 Bg4 {B03: Alekhine's Defence: Four Pawns Attack.} 14. Rad1 Qe7 15. Ne4 Rad8 {White is better.} 16. Nxf6+ gxf6 17. Qe1 Kh8 {[#]} 18. h3 $146 ({Predecessor:} 18. Qh4 Rg8 19. b3 Bf5 20. Nd2 Qg7 21. Bf3 Nc8 22. Ne4 Bxe4 23. Bxe4 Nd6 24. Bh6 {1-0 (33) Alvarez del Monte,J-Bauza,L Uruguay 1961}) 18... Bh5 19. Qh4 Bg6 20. b3 Nc8 (20... Rde8 $16 {was called for.} 21. Rd2 Nc8) 21. Bh6 $18 Rf7 22. c5 {Prevents Nd6. aiming for Bc4.} Qd7 23. Bb5 {A strong pair of Bishops.} Kg8 $2 (23... Re8 {was necessary.} 24. Nh2 Bf5) 24. Nh2 N8e7 25. Ng4 ({Not} 25. Rxf6 Nf5 26. Rxf5 (26. Rxf7 Qxf7 27. Qg5 Rxd4 $16) 26... Rxf5 27. Bxc6 bxc6 $18) 25... Nf5 {[#]} 26. Rxf5 Bxf5 27. Nxf6+ (27. Bxc6 $142 Qxc6 28. Nxf6+ Kh8 29. Rd2) 27... Rxf6 28. Qxf6 {Threatening mate with Bxc6. Chess con chili.} Re8 $2 (28... Qe7 29. Qxe7 Nxe7) 29. d5 {White wants to mate with dxe6. White is clearly winning.} exd5 {[#]} 30. Bxc6 (30. Rxd5 $142 $3 Qf7 31. Rxf5 Qxf6 32. Rxf6) 30... bxc6 31. Rf1 Qf7 32. Rxf5 {Black did not feel at home in the position after the opening.   Weighted Error Value: White=0.17 (very precise) /Black=0.45} 1-0

[Event "Benidorm Open-A 2022"]
[Site "Benidorm"]
[Date "2022.12.06"]
[Round "4.7"]
[White "Harshad S"]
[Black "Sattarov, Bobir"]
[Result "0-1"]
[ECO "C82"]
[WhiteElo "2202"]
[BlackElo "2433"]
[Annotator "TA"]
[PlyCount "100"]
[EventDate "2022.12.03"]
[EventType "swiss"]
[EventCountry "ESP"]
[SourceTitle "playchess.com"]
[Source "ChessBase"]
[SourceQuality "1"]
[TimeControl "5400+30"]

1. e4 e5 2. Nf3 Nc6 3. Bb5 a6 4. Ba4 Nf6 5. O-O Nxe4 6. d4 b5 7. Bb3 d5 8. dxe5 Be6 9. c3 Bc5 10. Nbd2 O-O 11. Bc2 Nxf2 12. Rxf2 f6 13. Nf1 {[#] Strongly threatening Be3. now scores much better than the old 13.exf6. C82: Open Ruy Lopez: 9 c3 without 9...Be7.} Bxf2+ 14. Kxf2 fxe5 15. Kg1 {[%cal Oc2h7] The position is equal.} Qd7 16. Ng5 Bf5 {[#]} 17. a4 $146 ({But not} 17. Ne3 Bxc2 18. Nxc2 (18. Qxc2 e4 $17) 18... h6 $17) (17. Be3 $11) ({Predecessor:} 17. Bxf5 Rxf5 18. Ng3 Rff8 19. Be3 h6 20. Nf3 Rad8 21. Bc5 Rf7 22. Qe2 e4 23. Ne1 {0-1 (41) Licznerski,L (2450)-Kucza,K (2305) Bydgoszcz 2022}) 17... Rad8 (17... Bxc2 $17 18. Qxc2 e4) 18. Ng3 e4 19. Nxf5 Qxf5 20. Qe2 {Against Qf2+} Ne5 {[%cal Bc6e5,Be5c4,Bc4e3][%mdl 32] Black converts the advantage convincingly.} 21. Be3 Nc4 22. Bb3 {[#] Inhibits c5.} Nxe3 $1 {The board is on fire. Black is more active.} 23. Qxe3 Kh8 24. Nh3 Rd6 (24... Rf6 {simplifies} 25. Kh1 h6 26. a5 c6) 25. Qe2 (25. Kh1 $17 {might work better.}) 25... Rdf6 $19 26. axb5 axb5 27. Rd1 (27. Re1 $142) 27... c6 28. Kh1 h6 29. Qe3 Qg4 30. Re1 (30. Rg1) 30... Rf1+ 31. Rxf1 Rxf1+ 32. Ng1 Qf4 33. Qxf4 Rxf4 34. Bd1 Rf1 35. Bg4 Rb1 36. h3 Rxb2 37. Ne2 g5 38. Kg1 b4 39. cxb4 Rxb4 40. Kf2 Kg7 41. Bd7 Rc4 {And now ...Kf6 would win.} 42. Ke3 Kf6 43. Nd4 Rc3+ 44. Ke2 c5 45. Nf5 Rc2+ 46. Ke1 Ke5 {Hoping for ...d4.} 47. g4 d4 48. Ba4 Rh2 {Threatens to win with ...c4.} 49. Nxh6 d3 50. Nf5 e3 {Weighted Error Value: White=0.79/Black=0.25 (precise)} 0-1

[Event "Benidorm Open-A 2022"]
[Site "Benidorm"]
[Date "2022.12.06"]
[Round "4.8"]
[White "Van Foreest, Machteld"]
[Black "Fernandez Garcia, Gumersindo"]
[Result "1-0"]
[ECO "B39"]
[WhiteElo "2206"]
[BlackElo "2172"]
[Annotator "TA"]
[PlyCount "61"]
[EventDate "2022.12.03"]
[EventType "swiss"]
[EventCountry "ESP"]
[SourceTitle "playchess.com"]
[Source "ChessBase"]
[SourceQuality "1"]
[TimeControl "5400+30"]

1. e4 c5 2. Nf3 g6 3. d4 cxd4 4. Nxd4 Bg7 5. c4 Nc6 6. Be3 Nf6 7. Nc3 Ng4 8. Qxg4 Nxd4 9. Qd1 Ne6 10. Rc1 b6 11. Be2 Bb7 12. f3 Be5 {B39: Sicilian: Maroczy Bind with 5...Bg7 and 7...Ng4.} 13. Qd2 Qb8 14. g3 g5 {White is slightly better.} 15. Rd1 {[#]} (15. Bxg5 Bxg3+ $1 16. hxg3 Qxg3+ 17. Kd1 Nxg5 $11) 15... Bc6 $146 {[#]} ({Better is} 15... Bxc3 $14 16. Qxc3 f6) ({Predecessor:} 15... Qd6 16. Nd5 Qc6 17. b4 Qa4 18. Kf2 h6 19. f4 gxf4 20. gxf4 Bd6 21. Rb1 Rg8 {1-0 (27) Le Quang,K (2250)-Silva,F (2265) Debrecen 1992}) 16. Nd5 $1 $16 (16. Bxg5 Bxg3+ 17. hxg3 Qxg3+ 18. Kf1 Nxg5 $11) 16... h5 17. f4 {White is more active.} (17. Bxg5 $6 Bxg3+ 18. Kf1 Bd6 $14) 17... gxf4 18. gxf4 Bxd5 19. Qxd5 Nxf4 (19... Bxb2 $16 20. Qxd7+ (20. Bxh5 Qc8 $16) (20. Qd2 Bg7 $16) 20... Kf8) 20. Bxf4 $18 (20. Qxd7+ Kf8 $14) 20... Bxf4 21. Bxh5 Bxh2 $2 (21... Rxh5 22. Qxh5 Qe5 23. Qxe5 Bxe5) 22. Rxh2 Qg3+ 23. Kf1 O-O-O {[#]} 24. Qa8+ (24. e5 $142 $1 Rxh5 25. Rxh5 (25. Qa8+ Kc7 $11)) 24... Kc7 $2 (24... Qb8 25. Qxb8+ Kxb8) 25. Qxa7+ Kc8 26. Qa6+ Kc7 27. c5 b5 (27... Qxh2 {is a self mate.} 28. cxb6+ (28. Qxb6+ Kc8 $11) 28... Kc6 29. b7+ (29. Bxf7 Qf4+ 30. Ke2 Qxe4+ 31. Kd2 Rh2+ 32. Kc3 Qc2+ 33. Kb4 Rh4+) 29... Kc7 30. Rc1+ (30. Bxf7 Qf4+ 31. Ke2 Qxe4+ 32. Kd2 Rh2+ 33. Kc3 Qc2+ 34. Kd4 Rh4+ 35. Ke3 Rh3+ 36. Kd4 Qf2+ 37. Kc4 Qe2+ 38. Kd5 Qxa6 39. Rc1+ Kxb7 40. Rc3 Qd6+ 41. Kc4 Rh4+ 42. Kb3 Qd1+ 43. Rc2 Qd3+ 44. Rc3 Qb5+ 45. Kc2 Rh2+ 46. Kd1 Qf1#) (30. Bxf7 Qf4+ 31. Ke2 Qxe4+ 32. Kd2 Rh2+ 33. Kc3 Qc2+ 34. Kd4 Rh4+ 35. Ke3 Rh3+ 36. Kd4 Qf2+ 37. Kc4 Qe2+ 38. Kd4 Qe3+ 39. Kc4 Rh4+ 40. Kb5 Qe5+ 41. Bd5 Qxb2+ 42. Bb3 Qe2+ 43. Ka5 Qe5+ 44. Qb5 Qc3+ 45. Ka6 Rh6+)) (27... bxc5 $18 28. Qa7+ Kc8 29. Qxc5+ Qc7) 28. Qb6+ Kc8 {[#]} 29. c6 $1 {White mates.} dxc6 30. Qxc6+ Kb8 31. Qb6+ {Black got outplayed after the opening.   Weighted Error Value: White=0.43/Black=0.57} 1-0

[Event "Benidorm Open-A 2022"]
[Site "Benidorm"]
[Date "2022.12.06"]
[Round "4.9"]
[White "Goossens, Hanne"]
[Black "Escartin Lacasa, Jose"]
[Result "1/2-1/2"]
[ECO "B30"]
[WhiteElo "2200"]
[BlackElo "2277"]
[Annotator "TA"]
[PlyCount "56"]
[EventDate "2022.12.03"]
[EventType "swiss"]
[EventCountry "ESP"]
[SourceTitle "playchess.com"]
[Source "ChessBase"]
[SourceQuality "1"]
[TimeControl "5400+30"]

1. e4 c5 2. Nf3 Nc6 3. Bb5 e6 4. O-O Nge7 5. d4 cxd4 6. Nxd4 a6 {[#] aiming for ...Nxd4. 6...Ng6 gains popularity. B30: Sicilian: 2...Nc6 3 Bb5, lines without ...g6.} 7. Be2 Nxd4 8. Qxd4 Nc6 {White is slightly better.} 9. Qc3 b5 10. Bf4 Bb7 11. Rd1 Rc8 {[#] White must now prevent ...Nb4.} 12. Qd2 {[#]} Be7 $146 (12... Na5 {is more complex.} 13. Bg5 Qc7 14. Nc3 d6) ({Predecessor:} 12... Na5 13. Bg5 Qc7 14. a4 b4 15. Bf4 Qd8 16. Qd3 Bc5 17. c3 O-O 18. cxb4 Bxb4 {½-½ (25) Guelker,L (2203)-Traut,G (2253) Remote email 2013}) 13. c3 e5 {Inhibits b4.} (13... Na5 $11 {keeps the balance.}) 14. Be3 $36 {[%mdl 2048] White is more active.} d6 (14... Qc7 $1 $14) 15. a4 bxa4 16. Rxa4 a5 17. Na3 O-O 18. Nc4 Ba6 19. Bb6 {Inhibits Qc7. White has more active pieces.} (19. Nxd6 Bxe2 20. Qxe2 Bxd6 $17) (19. Rda1 $142) 19... Qd7 20. b3 ({Much weaker is} 20. Nxa5 Bxe2 21. Qxe2 Nd4 22. Raxd4 (22. cxd4 $2 {perishes.} Qxa4 23. d5 Rc2 $19) 22... exd4 23. Bxd4 Qe6 $11) (20. Raa1 $16) 20... Rb8 $14 {And now ...Bxc4 would win.} 21. Qe3 Qb7 {Strongly threatening ...Bxc4.} 22. Nxa5 Nxa5 23. Bxa5 {Hoping for Bxa6.} Qxb3 (23... Bxe2 {simplifies} 24. Qxe2 Qxb3 25. Raa1 g6) 24. Raa1 Bd8 25. Bb4 ({But not} 25. Bxa6 Bxa5 26. Rdc1 Qb6 27. Qxb6 Bxb6 $11) (25. Bxd8 $5 Bxe2 26. Bf6 $14) 25... Bb6 26. Qd2 Bxe2 27. Qxe2 Bc5 28. Rab1 (28. Ra3 $5 Qe6 29. Bxc5 dxc5 30. g3 $14) 28... Qa4 {Black defended with fortune.   Weighted Error Value: White=0.14 (very precise) /Black=0.16 (very precise)} 1/2-1/2